 Dungeon Sprint DCSS version 0.29-a0-1016-g236c7fd91e (webtiles) character file.

Game seed: 2673430043931496858

0 Hubris850 the Shooter (level 2, 0/23 (25) HPs)
             Began as a Minotaur Hunter on Aug 9, 2022.
             Was a Follower of Qazlal.
             Slain by a necrophage (2 damage)
             ... in the Dungeon (Sprint VI: "Thunderdome").
             The game lasted 00:00:44 (90 turns).

Hubris850 the Shooter (Minotaur Hunter)               Turns: 90, Time: 00:00:45

HP:   0/23 (25)     AC:  3    Str: 15    XL:     2   Next: 13%
MP:   1/1           EV: 12    Int:  6    God:    Qazlal [*.....]
Gold: 200           SH:  1    Dex: 13    Spells: 1/1 levels left

rFire   . . .      SeeInvis .   a - +0 shortbow
rCold   . . .      Faith    .   (shield currently unavailable)
rNeg    . . .      Spirit   .   c - +0 leather armour
rPois   .          Reflect  .   (helmet restricted)
rElec   .          Harm     .   (no cloak)
rCorr   .          Rampage  .   (no gloves)
Will    .....      NoTele   +   (no boots)
Stlth   +.........              (no amulet)
HPRegen 0.07/turn               (no ring)
MPRegen 0.07/turn               (no ring)

@: drained
A: horns 2, retaliatory headbutt
a: Renounce Religion


You were in the Dungeon.
You worshipped Qazlal.
Qazlal was aware of your devotion.
You visited 1 branch You collected 200 gold pieces.

Inventory:

Hand Weapons
 a - a +0 shortbow (weapon)
Armour
 c - a +0 leather armour (worn)
Wands
 j - a wand of iceblast (5)
 k - a wand of quicksilver (5)
Scrolls
 b - a scroll of immolation
 i - 4 scrolls of blinking
 l - 3 scrolls of butterflies
Potions
 d - a potion of curing
 e - 4 potions of heal wounds
 f - 4 potions of haste
 g - 2 potions of magic
 h - a potion of berserk rage
 m - 2 potions of resistance


   Skills:
 - Level 2.4 Fighting
 + Level 6.5 Ranged Weapons
 - Level 2.1 Dodging
 - Level 0.7 Stealth


You had one spell level left.
You didn't know any spells.
Your spell library was empty.

Dungeon Overview and Level Annotations

Branches:
Dungeon (1/1)

Altars:
Kikubaaqudgha
Okawaru
Qazlal
Sif Muna
Uskayaw
Xom
The Shining One

Shops:
D *[?


Innate Abilities, Weirdness & Mutations

You have a pair of horns on your head.
You reflexively headbutt those who attack you in melee.


Message History

Press: ? - help, Q - select action, (/) - cycle Shift-Dir - straight line, f - necrophage
Aim: a necrophage (wandering, hasn't noticed you, 62% to hit)
You shoot an arrow.
The arrow hits the necrophage but does no damage.
Fire: a) +0 shortbow
Press: ? - help, Q - select action, (/) - cycle Shift-Dir - straight line, f/p - necrophage
Aim: a necrophage (62% to hit)
You shoot an arrow. The arrow hits the necrophage.
The necrophage is lightly damaged.
Fire: a) +0 shortbow
Press: ? - help, Q - select action, (/) - cycle Shift-Dir - straight line, f/p - necrophage
Aim: a necrophage (lightly damaged, 62% to hit)
You shoot an arrow. The arrow hits the necrophage.
The necrophage is lightly damaged.
Fire: a) +0 shortbow
Press: ? - help, Q - select action, (/) - cycle Shift-Dir - straight line, f/p - necrophage
Aim: a necrophage (lightly damaged, 62% to hit)
You shoot an arrow. The arrow hits the necrophage.
The necrophage is moderately damaged.
An orc comes into view. It is wielding a +0 flail.
The orc shouts!
Fire: a) +0 shortbow
Press: ? - help, Q - select action, (/) - cycle Shift-Dir - straight line, f/p - necrophage
Aim: a necrophage (moderately damaged, 62% to hit)
You shoot an arrow.
The arrow closely misses the necrophage.
The necrophage attacks as you move away!
The necrophage hits you.
* * * LOW HITPOINT WARNING * * *
You feel drained.
* * * LOW HITPOINT WARNING * * *
Fire: a) +0 shortbow
Press: ? - help, Q - select action, (/) - cycle Shift-Dir - straight line, f/p - necrophage
Aim: a necrophage (moderately damaged, 62% to hit)
You shoot an arrow.
The arrow closely misses the necrophage.
The necrophage hits you.
* * * LOW HITPOINT WARNING * * *
You feel drained.
You die...

###...... .###
#⌠....... ..⌠#
######.8..... ..8.#
##.___......# .....
###∩........8.# .8..
##.............###..
#⌠..........# #...#
#⌠......n...# #.<.#
#⌠.....@....###...#
##.......).....###.....
###∩........8.# .8...
##∩___o.....# .....
######.8..... ..8.#
#§....... ..⌠#
###.........###
#_....... #........


You could see a necrophage and an orc.

Vanquished Creatures
  An adder (D)
  A hobgoblin (D)
  A kobold (D)
3 creatures vanquished.

Notes
Turn   | Place    | Note
-------+----------+-------------------------------------------
     0 | D        | Hubris850 the Minotaur Hunter began the quest for the Orb.
     0 | D        | Reached XP level 1. HP: 18/18 MP: 0/0
     1 | D        | Found a stormy altar of Qazlal.
     1 | D        | Found a shimmering altar of Xom.
     2 | D        | Found a hide-covered altar of Uskayaw.
     3 | D        | Found an iron altar of Okawaru.
     3 | D        | Found an ancient bone altar of Kikubaaqudgha.
     4 | D        | Found Geipt's Identification Station.
     4 | D        | Found a glowing golden altar of the Shining One.
     4 | D        | Found a shimmering blue altar of Sif Muna.
     5 | D        | Found Qoes's Advanced Armour.
     5 | D        | Found Dauh's Jewellery.
     5 | D        | Round 1.
    11 | D        | Became a worshipper of Qazlal Stormbringer
    17 | D        | Reached skill level 6 in Ranged Weapons
    17 | D        | Reached XP level 2. HP: 14/25 MP: 1/1
    23 | D        | Reached * piety under Qazlal
    82 | D        | Noticed a necrophage
    90 | D        | Slain by a necrophage

Illustrated notes

Levels and vault maps discovered:
D:        arena_sprint

Skill      XL: |  1 |
---------------+----+-----
Ranged Weapons | 6 |  6.5
Fighting       | |  2.4
Dodging        | |  2.1
Stealth        | |  0.7

Action                   || total
-------------------------++-------
 Fire: Shortbow          ||    15
Dodge: Dodged            ||     2

Table legend: (Time is in decaauts)
 A = Elapsed time spent in this place.
 B = Non-inter-level travel time spent in this place.
 C = Inter-level travel time spent in this place.
 D = Time resting spent in this place.
 E = Time spent auto-exploring this place.
 F = Levels seen in this place.
 G = Mean time per level.
                   A        B        C        D        E       F      G
               +--------+--------+--------+--------+--------+-----+--------+
         Total |     93 |     93 |      0 |     59 |      0 |   1 |   93.0 |
       Dungeon |     93 |     93 |      0 |     59 |      0 |   1 |   93.0 |
               +--------+--------+--------+--------+--------+-----+--------+

Top non-repeatable levels by time:
       D: 93 daAuts
